 Dungeon Crawl Stone Soup version 0.19-a0-1922-g1e9a4c1 (webtiles) character file.

49 LORDOFBUTT the Sneak (level 3, 0/18 HPs)
             Began as a Spriggan Assassin on Oct 24, 2016.
             Slain by a hobgoblin
             ... wielding a +0 club
              (5 damage)
             ... on level 2 of the Dungeon.
             The game lasted 00:02:17 (1540 turns).

LORDOFBUTT the Sneak (Spriggan Assassin)            Turns: 1540, Time: 00:02:18

Health: 0/18       AC:  3    Str:  8    XL:     3   Next: 51%
Magic:  5/5        EV: 17    Int: 12    God:
Gold:   103        SH:  0    Dex: 17    Spells: 0 memorised, 2 levels left

rFire  . . .     SeeInvis +     a - +3 dagger
rCold  . . .     Gourm    .     c - +0 robe
rNeg   . . .     Faith    .     (shield restricted)
rPois  .         Spirit   .     (helmet restricted)
rElec  .         Reflect  .     d - +0 cloak
rCorr  .         Harm     .     (gloves unavailable)
MR     .....                    (boots unavailable)
Stlth  ++++......               (no amulet)
                                (no ring)
                                (no ring)

@: very quick
A: unfitting armour, see invisible, herbivore 3, speed 3, slow metabolism 2
a: no special abilities


You were on level 2 of the Dungeon.
You were not hungry.

You visited 1 branch of the dungeon, and saw 2 of its levels.

You collected 103 gold pieces.

Inventory:

Hand Weapons
 a - a +3 dagger (weapon)
 b - a +0 blowgun
Missiles
 e - 25 poisoned needles
 f - 2 curare-tipped needles
Armour
 c - a +0 robe (worn)
 d - a +0 cloak (worn)
Wands
 j - a wand of disintegration (10/24)
Scrolls
 o - a scroll of teleportation {unknown}
 p - a scroll of remove curse {unknown}
Potions
 h - 3 potions of curing
 i - a potion of agility {unknown}
 k - a potion of lignification {unknown}
 l - a potion of invisibility {unknown}
 n - a potion of heal wounds {unknown}
 q - 2 potions of flight {unknown}
 r - a potion of resistance {unknown}
 s - a potion of magic {unknown}
 t - a potion of brilliance {unknown}
Comestibles
 g - 3 bread rations
 m - a fruit


   Skills:
 - Level 1.5 Fighting
 - Level 2.1 Short Blades
 - Level 2.0 Throwing
 - Level 1.5 Dodging
 * Level 7.7 Stealth
 + Level 1.5 Evocations


You had 2 spell levels left.
You didn't know any spells.

Dungeon Overview and Level Annotations

Branches:
Dungeon (2/15)

Altars:


Innate Abilities, Weirdness & Mutations

You are very small and have problems with some larger weapons.
You are too small for most types of armour.
You have supernaturally acute eyesight. (SInv)
You are a herbivore.
You cover ground extremely quickly.
You need consume almost no food.


Message History

The bat closely misses you. The bat barely misses you.
You hit the bat.
You kill the bat!
The hobgoblin hits you with a club.
* * * LOW HITPOINT WARNING * * *
You are too injured to fight recklessly!
You are too injured to fight recklessly!
You are too injured to fight recklessly!
You are too injured to fight recklessly!
You barely miss the hobgoblin. You hit the hobgoblin.
The hobgoblin is severely wounded.
The hobgoblin closely misses you.
You hit the hobgoblin.
The hobgoblin is almost dead.
The hobgoblin misses you.
You closely miss the hobgoblin.
The hobgoblin is almost dead.
The hobgoblin hits you with a club.
You die...

..# #.####### #.#...# #.#
..###.......# #.#.#.# #.#
..(..######.####...#+###'#####
#.##.# #.......(.......#
#.#..# #............!..#
..#.## #...............# ###.
#...............# ..#.
#####...............#### ###.
.......@...†........##.. .###
####..g.............##.# .#
#................##.# .#
...................##.# .#
####..............> #.# ##
#............... #.#
########## #.....(.........
#.# #.....†..# #########+##
#.# #........# #...# #.#


You could see a hobgoblin.

Vanquished Creatures
  An adder (D:2)
  2 oozes
  A worm (D:2)
  2 leopard geckos
  A ball python (D:1)
  A giant cockroach (D:1)
  3 goblins
  2 hobgoblins
  6 kobolds
  2 bats
  2 frilled lizards (D:1)
  4 rats
27 creatures vanquished.

Notes
Turn   | Place    | Note
-------+----------+-------------------------------------------
     0 | D:1      | LORDOFBUTT the Spriggan Assassin began the quest for the Orb.
     0 | D:1      | Reached XP level 1. HP: 10/10 MP: 2/2
    27 | D:1      | Reached skill level 6 in Stealth
   137 | D:1      | Reached XP level 2. HP: 14/14 MP: 3/3
   529 | D:1      | Reached skill level 7 in Stealth
  1129 | D:2      | Reached XP level 3. HP: 10/18 MP: 4/4
  1310 | D:2      | Reached skill level 1 in Evocations
  1540 | D:2      | Slain by a hobgoblin

Vault maps used:
D:1:      mushboom_english_gardens

Skill      XL: |  1  2  3 |
---------------+----------+-----
Stealth        | 6 7 |  7.7
Evocations     | 1 |  1.5
Fighting       | |  1.5
Short Blades   | |  2.1
Throwing       | |  2.0
Dodging        | |  1.5

Action                   || total
-------------------------++-------
Melee: Dagger            ||    61
 Fire: Blowgun           ||    15
  Use: Scroll            ||     2
 Stab: Sleeping          ||    10
Armor: Robe              ||     4
Dodge: Dodged            ||    40
